 Dungeon Crawl Stone Soup version 0.19-a0-1261-g420a265 (webtiles) character file.

35 IcyTea the Firebug (level 3, 0/26 HPs)
             Began as a Draconian Fire Elementalist on Aug 29, 2016.
             Succumbed to an adder's poison
             ... on level 2 of the Dungeon.
             The game lasted 00:04:57 (1112 turns).

IcyTea the Firebug (Draconian Fire Elementalist)    Turns: 1112, Time: 00:04:58

Health: 0/26       AC:  5    Str: 10    XL:     3   Next: 17%
Magic:  1/6        EV: 12    Int: 16    God:
Gold:   65         SH:  0    Dex: 11    Spells: 2 memorised, 3 levels left

rFire  . . .     SeeInvis .     i - +0 dagger
rCold  . . .     Gourm    .     (armour unavailable)
rNeg   . . .     Faith    .     (no shield)
rPois  .         Spirit   .     (helmet restricted)
rElec  .         Dismiss  .     (no cloak)
rCorr  .         Reflect  .     (no gloves)
MR     .....     Harm     .     (no boots)
Stlth  ++........               (no amulet)
                                (no ring)
                                (no ring)

@: lethally poisoned (0 -> -13)
A: unfitting armour, cold-blooded, AC +5
a: no special abilities


You were on level 2 of the Dungeon.
You were hungry.

You visited 1 branch of the dungeon, and saw 2 of its levels.

You collected 65 gold pieces.

Inventory:

Hand Weapons
 i - a +0 dagger (weapon)
Scrolls
 c - a scroll of identify
 d - a scroll of enchant armour
 e - 2 scrolls of remove curse
Potions
 g - a potion of brilliance
Books
 a - a book of Flames

   Spells                             Type                      Level
   a - Flame Tongue                   Conjuration/Fire             1
   b - Throw Flame                    Conjuration/Fire             2
   c - Conjure Flame                  Conjuration/Fire             3
   d - Inner Flame                    Hexes/Fire                   3
   e - Sticky Flame                   Conjuration/Fire             4
   f - Fireball                       Conjuration/Fire             5
Comestibles
 b - 2 bread rations


   Skills:
 - Level 1.7 Dodging
 - Level 1.7 Stealth
 - Level 2.0 Spellcasting
 - Level 1.0 Conjurations
 + Level 4.3 Fire Magic


You had 3 spell levels left.
You knew the following spells:

 Your Spells              Type           Power        Failure   Level  Hunger
a - Flame Tongue          Conj/Fire      ##...        10%         1    #......
b - Throw Flame           Conj/Fire      ##....       12%         2    ###....


Dungeon Overview and Level Annotations

Branches:
Dungeon (2/15)

Altars:


Innate Abilities, Weirdness & Mutations

Your plain brown scales are hard. (AC +5)
Your body does not fit into most forms of armour.
You are cold-blooded and may be slowed by cold attacks.


Message History

You hit the adder but do no damage.
Your tail-slap misses the adder.
The adder is severely wounded.
You feel sick. The adder bites you.
* * * LOW HITPOINT WARNING * * *
The adder bites you.
* * * LOW HITPOINT WARNING * * *
You hit the adder.
The adder is almost dead.
* * * LOW HITPOINT WARNING * * *
You feel sick. The adder bites you but does no damage.
You hit the adder.
You kill the adder!
You have reached level 3!
Your experience leads to an increase in your attributes!
Increase (S)trength, (I)ntelligence, or (D)exterity?
You feel clever.
Your scales feel tougher.
* * * LOW HITPOINT WARNING * * *
You feel sick.
Unknown command.
You die...

## # .. #. ##.# #... #####
#... #...#
#######.#.#...#####.#.#
......#........)@.>.#.#
#####.###.#...####..#.#
.......##.#### #....#
#####.###.# ##...# ########
#...#.#########.#.# #......#
##...#.##........#####)######
#....#.##.########.....#
##.#.##......######.#####
###.....#..#.#.....##.#


There were no monsters in sight!

Vanquished Creatures
  An adder (D:2)
  A dart slug (D:1)
  A giant gecko (D:1)
  7 goblins
  2 hobgoblins (D:1)
  2 jackals (D:2)
  A quokka (D:2)
  3 bats (D:1)
  3 kobolds (D:1)
  2 rats
23 creatures vanquished.

Notes
Turn   | Place    | Note
-------+----------+-------------------------------------------
     0 | D:1      | IcyTea the Draconian Fire Elementalist began the quest for the Orb.
     0 | D:1      | Reached XP level 1. HP: 14/14 MP: 3/3
   297 | D:1      | Reached XP level 2. HP: 16/20 MP: 0/5
   358 | D:1      | Learned a level 2 spell: Throw Flame
   930 | D:2      | Reached skill level 4 in Fire Magic
  1110 | D:2      | HP: 1/20 [poisoned by an adder]
  1111 | D:2      | Reached XP level 3. HP: 2/26 MP: 0/6
  1112 | D:2      | Succumbed to an adder's poison

Vault maps used:
D:1:      evilmike_arrival_run_for_it

Skill      XL: |  1  2 |
---------------+-------+-----
Fire Magic     | 4 |  4.3
Dodging        | |  1.7
Stealth        | |  1.7
Spellcasting   | |  2.0
Conjurations   | |  1.0

Action                   || total
-------------------------++-------
Melee: Unarmed           ||    41
       Tailslap          ||     4
       Dagger            ||     4
 Cast: Flame Tongue      ||    52
  Use: Scroll            ||     5
       Potion            ||     2
  Eat: Chunk             ||     1
Armor: Skin              ||    16
Dodge: Dodged            ||    45
